 Dungeon Crawl Stone Soup version 0.24.1-8-ga250c9d538 (webtiles) character file.

Game seed: 14307628965577101684, levelgen mode: deterministic

71 Gynju the Firebug (level 4, -1/24 HPs)
             Began as a Deep Elf Fire Elementalist on May 1, 2020.
             Slain by an adder (2 damage)
             ... on level 2 of the Dungeon.
             The game lasted 00:01:18 (934 turns).

Gynju the Firebug (Deep Elf Fire Elementalist)       Turns: 934, Time: 00:01:19

Health: -1/24      AC:  2    Str:  5    XL:     4   Next: 5%
Magic:  0/11       EV: 13    Int: 21    God:
Gold:   49         SH:  0    Dex: 15    Spells: 9/10 levels left

rFire    . . .     SeeInvis .   f - +0 mace
rCold    . . .     Gourm    .   (no shield)
rNeg     . . .     Faith    .   a - +0 robe
rPois    .         Spirit   .   (no helmet)
rElec    .         Reflect  .   (no cloak)
rCorr    .         Harm     .   (no gloves)
MR       .....                  (no boots)
Stlth    ++........             (no amulet)
HPRegen  0.08/turn              (no ring)
MPRegen  0.12/turn              (no ring)

@: very slightly contaminated
A: no striking features
a: no special abilities


You were on level 2 of the Dungeon.
You were not hungry.

You visited 1 branch of the dungeon, and saw 2 of its levels.

You collected 49 gold pieces.

Inventory:

Hand Weapons
 f - a +0 mace (weapon)
Missiles
 d - a throwing net
 e - 19 poisoned darts (quivered)
Armour
 a - a +0 robe (worn)
Scrolls
 g - a scroll of teleportation {unknown}
 h - a scroll of noise {unknown}
 i - a scroll of fear {unknown}
 j - a scroll of enchant weapon {unknown}
 m - a scroll of immolation {unknown}
 n - a scroll of amnesia {unknown}
Potions
 b - a potion of curing {unknown}
 k - a potion of flight {unknown}
 l - a potion of agility {unknown}
Comestibles
 c - 2 rations


   Skills:
 - Level 2.4 Dodging
 + Level 3.5 Stealth
 + Level 3.9 Spellcasting
 + Level 2.3 Conjurations
 + Level 3.9 Fire Magic


You had 9 spell levels left.
You knew the following spells:

 Your Spells              Type           Power        Failure   Level  Hunger
a - Flame Tongue          Conj/Fire      ###..        3%          1    None

Your spell library contained the following spells:

 Spells                   Type           Power        Failure   Level  Hunger
 Throw Flame              Conj/Fire      ###...       4%          2    #......
 Conjure Flame            Conj/Fire      ###.....     10%         3    ###....
 Inner Flame              Hex/Fire       ##......     16%         3    ###....
 Sticky Flame             Conj/Fire      ###.....     32%         4    ####...
 Fireball                 Conj/Fire      ###.......   67%         5    ######.


Dungeon Overview and Level Annotations

Branches:
Dungeon (2/15)

Altars:


Message History

You are very lightly contaminated with residual magic.
Nothing appears to happen.
The gnoll hits you with a +0 whip.
* * * LOW HITPOINT WARNING * * *
Casting: Flame Tongue (safe; 3% risk of failure)
Confirm with . or Enter, or press ? or * to list all spells.
Aiming: Flame Tongue (safe; 3% risk of failure)
Press: ? - help, Shift-Dir - straight line, f/p - gnoll
Aim: a gnoll, wielding a +0 whip (moderately wounded)
The flame tongue misses the gnoll.
The gnoll hits you with a +0 whip!
* * * LOW HITPOINT WARNING * * *
The adder bites you but does no damage.
Casting: Flame Tongue (safe; 3% risk of failure)
Confirm with . or Enter, or press ? or * to list all spells.
Aiming: Flame Tongue (safe; 3% risk of failure)
Press: ? - help, Shift-Dir - straight line, f/p - gnoll
Aim: a gnoll, wielding a +0 whip (moderately wounded)
The flame tongue hits the gnoll.
The gnoll is almost dead.
The adder bites you.
You die...

. .. ########...
#.....)....
#..........
#....)...#.
#######g%......#
#.....@S.........
##.####........#.
#.# #.?......#
#.# ########...
#.# ... #.# ..
#)# #.# #.#


You could see a gnoll and an adder.

Vanquished Creatures
  4 gnolls
  An ooze (D:1)
  A dart slug (D:1)
  A leopard gecko (D:1)
  A goblin (D:1)
  2 hobgoblins
  2 jackals (D:1)
  5 bats
  A frilled lizard (D:1)
  5 kobolds
  4 rats (D:1)
27 creatures vanquished.

Notes
Turn   | Place    | Note
-------+----------+-------------------------------------------
     0 | D:1      | Gynju the Deep Elf Fire Elementalist began the quest for
                  | the Orb.
     0 | D:1      | Reached XP level 1. HP: 10/10 MP: 6/6
   220 | D:1      | Reached XP level 2. HP: 14/15 MP: 5/8
   521 | D:1      | Reached XP level 3. HP: 18/19 MP: 8/10
   917 | D:2      | Reached XP level 4. HP: 17/24 MP: 4/11
   933 | D:2      | HP: 1/24 [gnoll/+0 whip (7)]
   934 | D:2      | Slain by an adder

Levels and vault maps discovered:
D:1:      roderic_chinese_lattice_arrival, layout_basic, st_stairs_1
D:2:      layout_basic

Skill      XL: |  1  2  3 |
---------------+----------+-----
Stealth        | 3 |  3.5
Conjurations   | 2 |  2.3
Dodging        | |  2.4
Spellcasting   | |  3.9
Fire Magic     | |  3.9

Action                   |  1- 3 |  4- 6 || total
-------------------------+-------+-------++-------
Melee: Unarmed           |     1 |       ||     1
 Cast: Flame Tongue      |    43 |     6 ||    49
Armor: Robe              |     2 |     1 ||     3
Dodge: Dodged            |     6 |       ||     6
